 Dungeon Crawl Stone Soup version 0.30-a0-358-g0d69a1922f (webtiles) character file.

Game seed: 325649682189562083

1369 koil the Sneak (level 8, -2/58 HPs)
             Began as a Vampire Enchanter on Nov 10, 2022.
             Was a Follower of Makhleb.
             Slain by an orc warrior
             ... wielding a +0 hand axe
              (6 damage)
             ... on level 6 of the Dungeon.
             The game lasted 00:22:31 (5488 turns).

koil the Sneak (Vampire Enchanter)                  Turns: 5488, Time: 00:22:31

Health: -2/58      AC:  7    Str: 10    XL:     8   Next: 38%
Magic:  7/13       EV: 13    Int: 20    God:    Makhleb [*.....]
Gold:   376        SH:  5    Dex: 14    Spells: 9/14 levels left

rFire   . . .      SeeInvis +    G - +1 short sword (vamp)
rCold   . . .      Faith    .    (no shield)
rNeg    . . .      Spirit   .    d - +0 leather armour
rPois   .          Reflect  +    (no helmet)
rElec   .          Harm     .    y - +1 cloak "Qihex" {Str+3}
rCorr   .          Rampage  .    B - +0 pair of gloves
Will    .....                    A - +0 pair of boots
Stlth   +++.......               i - amulet of reflection
HPRegen 0.49/turn                (no ring)
MPRegen 0.13/turn                (no ring)

@: confusing by touch, healing quickly
A: alive, fangs 3, see invisible, vampiric 2
a: Exsanguinate, Renounce Religion


You were on level 6 of the Dungeon.
You worshipped Makhleb.
Makhleb was aware of your devotion.
You visited 1 branch of the dungeon, and saw 6 of its levels.

You collected 376 gold pieces.

Inventory:

Hand Weapons
 a - a +2 dagger of venom
 l - a +0 scythe
 u - a +1 dagger
 C - a +2 long sword of protection
 E - a +0 hand axe of electrocution
 G - a +1 vampiric short sword (weapon)
Missiles
 z - 2 poisoned darts
Armour
 b - a +0 robe
 d - a +0 leather armour (worn)
 m - a +0 robe
 y - the +1 cloak "Qihex" (worn) {Str+3}
   (You found it on level 4 of the Dungeon)

   Str:       It affects your strength (+3).
 A - a +0 pair of boots (worn)
 B - a +0 pair of gloves (worn)
 D - a +0 cloak
Jewellery
 i - an amulet of reflection (around neck)
Wands
 F - a wand of roots (11)
Scrolls
 e - 3 scrolls of vulnerability {unknown}
 g - 2 scrolls of amnesia {unknown}
 k - a scroll of magic mapping {unknown}
 q - 2 scrolls of summoning {unknown}
 r - 6 scrolls of teleportation {unknown}
 v - 5 scrolls of identify {unknown}
 w - a scroll of noise {unknown}
Potions
 c - 3 potions of invisibility
 f - 3 potions of flight {unknown}
 h - 2 potions of ambrosia {unknown}
 j - 3 potions of lignification {unknown}
 n - 2 potions of heal wounds {unknown}
 o - 5 potions of curing
 p - 2 potions of attraction {unknown}
 s - a potion of resistance {unknown}
 t - 2 potions of degeneration {unknown}
 x - a potion of brilliance {unknown}


   Skills:
 + Level 3.2 Fighting
 + Level 4.2 Short Blades
 + Level 2.9 Armour
 + Level 4.6 Dodging
 + Level 7.4 Stealth
 + Level 3.8 Spellcasting
 + Level 0.9 Conjurations
 - Level 6.6 Hexes
 + Level 1.1 Fire Magic


You had 9 spell levels left.
You knew the following spells:

 Your Spells              Type           Power      Damage    Failure   Level
a - Ensorcelled Hibernat  Hex/Ice        34%        N/A       7%          2
b - Confusing Touch       Hex            30%        N/A       3%          3

Your spell library contained the following spells:

 Spells                   Type           Power      Damage    Failure   Level
 Tukima's Dance           Hex            30%        N/A       3%          3
 Foxfire                  Conj/Fire      32%        2x1d5     11%         1
 Dazzling Flash           Conj/Hex       38%        N/A       11%         3
 Inner Flame              Hex/Fire       19%        N/A       11%         3
 Momentum Strike          Conj/Tloc      10%        3d8       22%         2
 Static Discharge         Conj/Air       10%        2-3/arc   22%         2
 Blink                    Tloc           6%         N/A       26%         2
 Lesser Beckoning         Tloc           6%         N/A       45%         3
 Vhi's Electric Charge    Tloc/Air       6%         N/A       45%         3
 Flame Wave               Conj/Fire      8%         2d5       73%         4
 Sticky Flame             Conj/Fire      8%         2d3       73%         4
 Fireball                 Conj/Fire      4%         3d4       97%         5
 Arcjolt                  Conj/Air       2%         1d12      98%         5
 Lightning Bolt           Conj/Air       2%         1d14      98%         5
 Summon Forest            Summ/Tloc      1%         N/A       99%         5
 Eringya's Noxious Bog    Tmut/Pois      1%         N/A       100%        6
 Starburst                Conj/Fire      4%         6d3       100%        6
 Summon Hydra             Summ           1%         N/A       100%        7


Dungeon Overview and Level Annotations

Branches:
Dungeon (6/15)             Temple (0/1) D:5

Altars:
Gozag
Makhleb
Qazlal
Sif Muna
Uskayaw
Xom

Shops:
D:3 [


Innate Abilities, Weirdness & Mutations

Your natural rate of healing is accelerated.
You have razor-sharp teeth.
You have supernaturally acute eyesight. (SInv)
You are afflicted with vampirism and can become a bat while bloodless.


Message History

You puncture the orc warrior!
You feel better.
The orc warrior is severely wounded.
The orc priest invokes the aid of Beogh against you.
Beogh smites you!
The orc warrior hits you with a +0 hand axe!
You hit the orc warrior but do no damage.
The orc warrior is severely wounded.
The orc priest looks braver for a moment.
The orc warrior hits you but does no damage.
You block the orc's attack.
You hit the orc warrior but do no damage.
The orc warrior is severely wounded.
The orc warrior closely misses you.
The orc hits you from afar with a +0 trident.
You closely miss the orc warrior. Your bite misses the orc warrior.
The orc warrior is severely wounded.
You hit the orc warrior but do no damage.
The orc warrior is severely wounded.
The orc warrior closely misses you. The orc barely misses you.
You hit the orc warrior but do no damage.
The orc warrior is severely wounded.
The orc warrior hits you with a +0 hand axe!
* * * LOW HITPOINT WARNING * * *
The orc hits you from afar with a +0 trident.
* * * LOW HITPOINT WARNING * * *
Casting: Ensorcelled Hibernation (safe; 7% risk of failure)
Confirm with . or Enter, or press ? or * to list all spells.
Your hands begin to glow red.
The orc warrior hits you with a +0 hand axe.
* * * LOW HITPOINT WARNING * * *
You block the orc's attack.
You hit the orc warrior but do no damage.
The orc warrior is severely wounded.
The orc warrior hits you with a +0 hand axe!
* * * LOW HITPOINT WARNING * * *
You block the orc's attack.
You hit the orc warrior but do no damage.
The orc warrior is severely wounded.
The orc warrior hits you with a +0 hand axe.
You die...

##...#...........## #..
#...........## ##.
#............. #..
#..........)..
#.#.#....<.....†..
#.#.#.>...........
#.#...............
##.###.............
#.@##..............
#.#oo..............
#.#o##...........#.
######...##.#.....######
#.........#.###...#
#.........#.. .###
#.........##.. ..
#.........# ..o...
#.........# .......


You could see an orc warrior, an orc priest and an orc.

Vanquished Creatures
  Sigmund (D:2)
  Edmund (D:6)
  An orc warrior (D:6)
  2 ogres
  2 bullfrogs
  A scorpion (D:6)
  A necrophage (D:5)
  A jelly (D:4)
  3 orc priests (D:5)
  2 hounds (D:5)
  Ijyb (D:5)
  An iguana (D:5)
  4 orc wizards
  11 adders
  3 gnolls (D:3)
  2 white imps
  4 worms
  3 dart slugs
  20 orcs
  5 ball pythons
  6 bats
  7 endoplasms
  2 giant cockroaches
  3 goblins
  6 hobgoblins
  6 quokkas
  4 frilled lizards
  8 kobolds
  11 rats
122 creatures vanquished.

Notes
Turn   | Place    | Note
-------+----------+-------------------------------------------
     0 | D:1      | koil the Vampire Enchanter began the quest for the Orb.
     0 | D:1      | Reached XP level 1. HP: 13/13 MP: 3/3
   432 | D:1      | Reached XP level 2. HP: 19/19 MP: 5/5
   439 | D:1      | Learned a level 2 spell: Ensorcelled Hibernation
  1061 | D:2      | Gained mutation: You are afflicted with vampirism and can
                  | become a bat while bloodless. [Vampire growth]
  1061 | D:2      | Reached XP level 3. HP: 25/25 MP: 3/6
  1291 | D:2      | Noticed Sigmund
  1307 | D:2      | Killed Sigmund
  1308 | D:2      | Reached skill level 1 in Fighting
  1308 | D:2      | Reached skill level 1 in Armour
  1308 | D:2      | Reached skill level 5 in Stealth
  1308 | D:2      | Reached skill level 5 in Hexes
  1308 | D:2      | Reached XP level 4. HP: 22/32 MP: 4/7
  1308 | D:2      | Reached XP level 5. HP: 25/37 MP: 4/8
  1502 | D:2      | Found a faded altar of an unknown god.
  1625 | D:2      | Found a shimmering blue altar of Sif Muna.
  1656 | D:2      | You fall into a shaft and drop 1 floor!
  1656 | D:3      | Found a shimmering altar of Xom.
  2104 | D:3      | Noticed a +0 dagger
  2105 | D:3      | Found a hide-covered altar of Uskayaw.
  2107 | D:3      | Noticed a +0 hand axe
  2121 | D:3      | Learned a level 3 spell: Confusing Touch
  2277 | D:3      | Noticed an ogre
  2548 | D:3      | Found Nitrorem's Antique Armour Shoppe.
  2722 | D:3      | Reached XP level 6. HP: 39/44 MP: 7/10
  2992 | D:4      | Identified the +1 cloak "Qihex" {Str+3}
  3016 | D:4      | Reached skill level 6 in Stealth
  3086 | D:4      | Found an opulent altar of Gozag.
  3160 | D:4      | Reached XP level 7. HP: 50/50 MP: 7/11
  3287 | D:4      | Found a burning altar of Makhleb.
  3308 | D:4      | Became a worshipper of Makhleb the Destroyer
  3661 | D:5      | Entered Level 5 of the Dungeon
  3670 | D:5      | Found a stormy altar of Qazlal.
  4125 | D:5      | Noticed Ijyb
  4127 | D:5      | Killed Ijyb
  4244 | D:5      | Found a staircase to the Ecumenical Temple.
  4327 | D:5      | Noticed a wraith
  4853 | D:5      | Noticed an angel
  4996 | D:6      | Reached * piety under Makhleb
  5113 | D:6      | Reached XP level 8. HP: 57/57 MP: 4/13
  5241 | D:6      | Reached skill level 7 in Stealth
  5351 | D:6      | Noticed Edmund
  5387 | D:6      | Killed Edmund
  5388 | D:6      | Reached skill level 1 in Fire Magic
  5486 | D:6      | HP: 11/58 [orc warrior/+0 hand axe (2)]
  5487 | D:6      | HP: 4/58 [orc warrior/+0 hand axe (7)]
  5488 | D:6      | Slain by an orc warrior

Illustrated notes

Levels and vault maps discovered:
D:1:      lightli_arrival_chessboard, layout_loops_corners
D:2:      layout_loops_ring, basic_altar, ebering_ecumenical_altar_mist,
          chequers_decorated_corner, minmay_small_reverse_x, uniq_sigmund
D:3:      layout_basic, dancing_weapons_uskayaw, xom_teletrap_fun, serial_shops,
          nicolae_diamond_shop
D:4:      layout_loops_ring, grunt_gozag_statues, mainiacjoe_overflow_chevrons
D:5:      layout_basic, mainiacjoe_overflow_six_doors_small, zin_angel,
          minmay_temple_entry_drinking_statues, grunt_decor_arrowhead,
          lightli_corner_chamber, uniq_ijyb
D:6:      layout_rooms, uniq_edmund

Skill      XL: |  1  2  3  4  5  6  7  8 |
---------------+-------------------------+-----
Fighting       | 1 2 3 |  3.2
Short Blades   | 2 3 4 |  4.2
Armour         | 1 2 |  2.9
Dodging        | 3 4 |  4.6
Stealth        | 5 6 7 |  7.4
Hexes          | 5 6 |  6.6
Spellcasting   | 3 |  3.8
Fire Magic     | 1 |  1.1
Conjurations   | |  0.9

Action                   |  1- 3 |  4- 6 |  7- 9 || total
-------------------------+-------+-------+-------++-------
Melee: Dagger            |    83 |    97 |   108 ||   288
       Bite              |     6 |     9 |    24 ||    39
       Punch             |       |     1 |       ||     1
       Short sword       |       |       |    88 ||    88
 Cast: Ensorcelled Hiber |     7 |    21 |    27 ||    55
       Confusing Touch   |       |       |     8 ||     8
 Stab: Sleeping          |    15 |    18 |    23 ||    56
       Confused          |       |       |     7 ||     7
Armor: Leather armour    |    16 |    16 |    44 ||    76
Dodge: Dodged            |    42 |    47 |    75 ||   164
Block: Other             |    11 |    17 |    32 ||    60
       Reflection        |       |       |     1 ||     1

Table legend: (Time is in decaauts)
 A = Elapsed time spent in this place.
 B = Non-inter-level travel time spent in this place.
 C = Inter-level travel time spent in this place.
 D = Time resting spent in this place.
 E = Time spent auto-exploring this place.
 F = Levels seen in this place.
 G = Mean time per level.
                   A        B        C        D        E       F      G
               +--------+--------+--------+--------+--------+-----+--------+
         Total |   5431 |   5229 |    202 |     83 |   3810 |   6 |  905.2 |
       Dungeon |   5431 |   5229 |    202 |     83 |   3810 |   6 |  905.2 |
               +--------+--------+--------+--------+--------+-----+--------+

Top non-repeatable levels by time:
     D:5: 1282 daAuts
     D:2: 1149 daAuts
     D:1: 908 daAuts
     D:4: 821 daAuts
     D:3: 761 daAuts
     D:6: 507 daAuts
